 Dungeon Crawl Stone Soup version bcrawl-1.22 (webtiles) character file.

Game seed: 16195518436558647275

101602 Chiseanne the Peltast (level 15, -3/134 HPs)
             Began as a Minotaur Archaeologist on May 19, 2020.
             Was the Champion of Makhleb.
             Slain by a shambling mangrove (18 damage)
             ... on level 3 of the Swamp on May 21, 2020.
             The game lasted 01:33:09 (24718 turns).

Chiseanne the Peltast (Minotaur Archaeologist)     Turns: 24718, Time: 01:33:09

Health: -3/134     AC: 32    Str: 15    XL:     15   Next: 83%
Magic:  21/21      EV:  2    Int: 14    God:    Makhleb [******]
Gold:   2711       SH: 22    Dex: 23    Spells: 14/14 levels left

rFire    + . .     SeeInvis +   a - +7 flail
rCold    + + .     Gourm    .   h - +0 large shield
rNeg     . . .     Faith    .   b - +2 gold dragon scales of Dacilug {rPois rF+ rC+ Dex+2 SInv}
rPois    +         Spirit   .   c - +2 hat
rElec    .         Reflect  +   E - +1 cloak
rCorr    .         Harm     .   V - +0 pair of gloves
MR       +....                  F - +1 pair of boots
Stlth    ..........             d - amulet of Rurugg {Reflect rC+ Str-3 Int+3 Dex+4 SH+2}
HPRegen  0.32/turn              t - +4 ring of dexterity
MPRegen  0.17/turn              R - +1 ring of protection

@: grasped by roots, constricted, very slow
A: retaliatory headbutt, horns 2
a: Minor Destruction, Lesser Servant of Makhleb, Major Destruction, Greater
Servant of Makhleb, Renounce Religion


You were on level 3 of the Swamp.
You worshipped Makhleb.
Makhleb was exalted by your worship.
You were not hungry.

You visited 5 branches of the dungeon, and saw 23 of its levels.
You also visited: Ice Cave.

You collected 2745 gold pieces.
You spent 34 gold pieces at shops.

Inventory:

Hand Weapons
 a - a +7 flail (weapon)
 e - a +1 hunting sling of flaming
 f - a +0 scimitar of flaming
 l - the +7 hand axe of Termination {pain, Int+5}
   (You found it on level 4 of the Lair of Beasts)

   In the hands of one skilled in necromantic magic, it inflicts extra damage on
   living creatures.
   It affects your intelligence (+5).
 s - a +1 war axe
 w - a +0 blowgun
 y - a +2 demon trident of venom
 K - the +9 short sword "Goinimu" {pierce, rN+ Str+4}
   (You found it on level 7 of the Dungeon)

   It inflicts extra damage upon your enemies.
   It affects your strength (+4).
   It protects you from negative energy.
Missiles
 j - 354 tomahawks (quivered)
 o - 138 poisoned tomahawks
 p - 130 javelins
 G - 10 curare-tipped needles
Armour
 b - the +2 gold dragon scales of Dacilug (worn) {rPois rF+ rC+ Dex+2 SInv}
   (You acquired it on level 3 of the Dungeon)

   It affects your dexterity (+2).
   It protects you from fire.
   It protects you from cold.
   It protects you from poison.
   It lets you see invisible.
 c - a +2 hat (worn)
 h - a +0 large shield (worn)
 r - the +4 ring mail "Boilix" {Str+4 Int+3 Dex-4 Slay+3}
   (You found it on level 6 of the Dungeon)

   It affects your strength (+4).
   It affects your intelligence (+3).
   It affects your dexterity (-4).
   It affects your accuracy and damage with ranged weapons and melee attacks
   (+3).
 E - a +1 cloak (worn)
 F - a +1 pair of boots (worn)
 V - a +0 pair of gloves (worn)
Jewellery
 d - the amulet of Rurugg (around neck) {Reflect rC+ Str-3 Int+3 Dex+4 SH+2}
   (You acquired it on level 1 of the Lair of Beasts)

   [amulet of reflection]

   It shields you and reflects attacks.
   It affects your strength (-3).
   It affects your intelligence (+3).
   It affects your dexterity (+4).
   It protects you from cold.
   It affects your SH (+2).
 t - a +4 ring of dexterity (left hand)
 A - an uncursed ring of insulation
 R - a +1 ring of protection (right hand)
Wands
 D - a wand of flame (37)
Scrolls
 g - 6 scrolls of magic mapping
 i - a scroll of blinking
 k - 3 scrolls of teleportation
 v - 2 scrolls of fear
 x - 3 scrolls of identify
 H - 2 scrolls of immolation
 S - 3 scrolls of remove curse
 W - a scroll of fog
Potions
 n - 4 potions of curing
 u - 6 potions of flight
 L - a potion of cancellation
Miscellaneous
 m - a box of beasts
 q - a phial of floods
Comestibles
 I - 32 rations {!d}


   Skills:
 - Level 12.6 Fighting
 - Level 10.1(13.6) Axes
 - Level 14.8(15.8) Maces & Flails
 * Level 7.6 Throwing
 * Level 14.8 Armour
 - Level 10.8 Dodging
 - Level 2.6 Stealth
 * Level 15.2 Shields
 * Level 9.5 Invocations


You had 14 spell levels left.
You didn't know any spells.
Your spell library contained the following spells:

 Spells                   Type           Power        Failure   Level  Hunger
 Animate Skeleton         Necr           N/A          100%        1    ##.....
 Beastly Appendage        Tmut           #.....       100%        1    ##.....
 Corona                   Hex            #......      100%        1    ##.....
 Freeze                   Ice            #.....       100%        1    ##.....
 Infusion                 Chrm           #.......     100%        1    ##.....
 Pain                     Necr           #.....       100%        1    ##.....
 Ensorcelled Hibernation  Hex/Ice        #.....       100%        2    ###....
 Song of Slaying          Chrm           #.......     100%        2    ###....
 Throw Frost              Conj/Ice       #.....       100%        2    ###....
 Confuse                  Hex            #.......     100%        3    ####...
 Dazzling Spray           Conj/Hex       #.....       100%        3    ####...
 Ignite Poison            Fire/Tmut/Pois #.......     100%        3    ####...
 Ozocubu's Armour         Chrm/Ice       #.......     100%        3    ####...
 Regeneration             Chrm/Necr      #.........   100%        3    ####...
 Spectral Weapon          Hex/Chrm       #.......     100%        3    ####...
 Tukima's Dance           Hex            #.......     100%        3    ####...
 Vampiric Draining        Necr           #.........   100%        3    ####...
 Animate Dead             Necr           N/A          100%        4    #####..
 Petrify                  Tmut/Erth      #.......     100%        4    #####..
 Throw Icicle             Conj/Ice       #.......     100%        4    #####..
 Bolt of Draining         Conj/Necr      #.........   100%        5    ######.
 Irradiate                Conj/Tmut      #.........   100%        5    ######.
 Ozocubu's Refrigeration  Ice            #.........   100%        6    #######
 Statue Form              Tmut/Erth      #........    100%        6    #######
 Icicle Burst             Conj/Ice       #.........   100%        7    #######


Dungeon Overview and Level Annotations

Branches:
Dungeon (12/12)            Temple (1/1) D:4            Lair (6/6) D:9
  Swamp (3/3) Lair:2        Snake (0/3) Lair:3        Slime (0/5) Lair:6
    Orc (1/1) D:11            Elf (0/3) Orc          Depths (0/5) D:12
 Vaults: D:11-12

Altars:
Ashenzari
Cheibriados
Dithmenos
Elyvilon
Fedhas
Gozag
Hepliaklqana
Kikubaaqudgha
Lugonu
Makhleb
Nemelex Xobeh
Okawaru
Qazlal
Ru
Sif Muna
Trog
Uskayaw
Vehumet
Wu Jian
Xom
Yredelemnul
Zin
The Shining One
Jiyva

Shops:
D:7 (   D:8 }   Orc (*}}((:(

Annotations:
Swamp:2 exclusion: upstairs


Innate Abilities, Weirdness & Mutations

You reflexively headbutt those who attack you in melee.
You have a pair of horns on your head.


Message History

You block the cane toad's attack.
You block the shambling mangrove's attack.
Your unstable footing causes you to fumble your attack.
You block the cane toad's attack.
You hit the cane toad.
You headbutt the cane toad, but do no damage.
The cane toad is severely wounded.
You block the cane toad's attack. The shambling mangrove hits you.
* * * LOW HITPOINT WARNING * * *
You closely miss the cane toad.
The cane toad is severely wounded.
You block the cane toad's attack. The shambling mangrove hits you!!
* * * LOW HITPOINT WARNING * * *
You feel much better. You block the cane toad's attack.
A demon appears!
You block the cane toad's attack.
Roots burst forth from the earth!
The grasping roots grab you! The grasping roots constrict you.
You block the cane toad's attack.
A demon appears!
The shambling mangrove hits you!!
You die...

♣.≈≈≈≈≈≈♣♣
♣♣♣♣♣♣
♣<.....♣♣
♣♣.≈≈.≈≈♣
♣≈≈≈≈≈♣♣#
♣.≈≈≈≈♣
♣♣.≈≈.♣
♣4.♣♣♣ ♣F♣♣
♣3@♣♣♣♣
♣♣♣f.≈♣
♣D♣.♣ ≈#
♣♣.≈†♣###≈≈#
♣....†...§?#
♣♣.≈..≈.D♣.#
♣≈≈≈.≈..k.≈#
♣♣≈≈.♣###≈.#
♣♣♣♣♣ #.≈#


You could see a shambling mangrove, a swamp dragon, a cane toad, a friendly
hellwing and a friendly ynoxinul.

Vanquished Creatures
  Jorgrun (D:12)
  2 thorn hunters
  Roxanne (D:12)
  A very ugly thing (Swamp:2)
  A white draconian (IceCv)
  7 hydras
  2 vault guards (D:11)
  Erica (D:9)
  2 alligators (Swamp:2)
  14 two-headed ogres
  A tengu warrior (D:12)
  An anaconda (Lair:6)
  4 ogre magi (Orc)
  A death yak (IceCv)
  Sonja (D:11)
  An unseen horror (D:10)
  A glowing orange brain (D:9)
  2 wolf spider zombies
  4 cyclopes
  2 wizards (D:12)
  An orc knight (D:12)
  A necromancer (D:12)
  4 oklob plants (Lair:4)
  A wolf spider (D:12)
  A manticore (D:11)
  A salamander (D:11)
  An orc sorcerer (D:12)
  3 ugly things
  A naga mage (D:12)
  An ice statue (IceCv)
  4 black mambas
  2 gargoyles (D:11)
  4 centaur skeletons
  19 cane toads
  4 rime drakes
  2 kobold demonologists (D:10)
  A yaktaur (D:12)
  6 komodo dragons
  A komodo dragon (shapeshifter) (D:12)
  A tengu conjurer (D:12)
  5 trolls
  A queen bee (D:9)
  18 polar bears
  A harpy zombie (D:12)
  3 meliai (D:12)
  6 tyrant leeches
  6 hornets
  7 slime creatures
  13 blink frogs
  A bog body (Swamp:3)
  8 hippogriffs
  5 dream sheep (Lair:6)
  A wraith (D:10)
  14 spriggans
  A human (D:11)
  47 yaks
  5 wyverns
  2 hogs (D:11)
  2 basilisks
  A steam dragon (D:8)
  5 hungry ghosts
  5 vampire mosquitoes
  3 wargs
  4 swamp worms
  A naga (Lair:3)
  17 crocodiles
  5 porcupines
  6 water moccasins
  3 swamp drakes (Swamp:3)
  12 orc warriors
  3 sky beasts
  4 boggarts (Lair:6)
  12 ice beasts
  3 necrophages
  3 black bears
  29 ogres
  35 wolves
  4 centaurs
  7 big kobolds
  16 bullfrogs
  5 gnoll sergeants (D:11)
  2 water moccasin zombies (D:7)
  52 killer bees
  6 scorpions
  6 wights
  4 howler monkeys
  4 crimson imps
  3 bullfrog zombies (D:7)
  7 centaur zombies
  3 hounds
  2 jellies
  6 orc priests
  18 orc wizards
  A gnoll shaman (D:10)
  3 iguanas
  11 worker ants
  2 mummies (D:7)
  13 gnolls
  11 adders
  A howler monkey skeleton (D:4)
  5 shadow imps
  2 oozes
  An adder skeleton (D:3)
  An adder zombie (D:6)
  4 worms
  4 dart slugs
  2 leopard geckos
  34 orcs
  4 bats
  3 giant cockroaches (D:1)
  6 goblins
  9 hobgoblins
  10 jackals
  28 kobolds
  A quokka (D:5)
  A ball python (D:3)
  4 frilled lizards (D:1)
  4 rats
  2 briar patches (Swamp:2)
  7 plants (Lair:4)
725 creatures vanquished.

Vanquished Creatures (collateral kills)
  A ghost crab (Swamp:2)
  A death yak (IceCv)
  A plant (Lair:4)
3 creatures vanquished.

Vanquished Creatures (others)
  A centaur warrior (D:12)
  3 yaks (IceCv)
  2 wolves (IceCv)
  2 kobolds (D:12)
  A fungus (Lair:6)
  23 plants (Lair:4)
32 creatures vanquished.

Grand Total: 760 creatures vanquished

Notes
Turn   | Place    | Note
-------+----------+-------------------------------------------
     0 | D:1      | Chiseanne the Minotaur Archaeologist began the quest for
                  | the Orb.
     0 | D:1      | Reached XP level 1. HP: 16/16 MP: 0/0
   321 | D:1      | Reached XP level 2. HP: 11/24 MP: 1/1
   803 | D:1      | Reached XP level 3. HP: 28/30 MP: 2/2
  1403 | D:2      | Reached skill level 1 in Armour
  2033 | D:3      | Reached XP level 4. HP: 38/38 MP: 3/3
  2525 | D:3      | Reached XP level 5. HP: 38/46 MP: 4/4
  2525 | D:3      | Identified a scroll of acquirement
  2527 | D:3      | Identified the +2 gold dragon scales of Dacilug {rPois rF+
                  | rC+ Dex+2 SInv} (You acquired it on level 3 of the Dungeon)
  2904 | D:4      | Reached skill level 1 in Axes
  2922 | D:4      | Reached skill level 5 in Dodging
  2940 | D:4      | Reached XP level 6. HP: 46/52 MP: 5/5
  3120 | D:4      | Found a staircase to the Ecumenical Temple.
  3152 | Temple   | Entered the Ecumenical Temple
  3214 | D:4      | Noticed a hungry ghost
  3245 | D:4      | Killed a hungry ghost
  3281 | D:4      | Reached XP level 7. HP: 58/60 MP: 6/6
  3330 | D:4      | Found an iron altar of Okawaru.
  3342 | D:4      | Reached skill level 5 in Fighting
  3884 | D:5      | Entered Level 5 of the Dungeon
  3884 | D:5      | Found a shimmering blue altar of Sif Muna.
  3884 | D:5      | Found a blossoming altar of Fedhas.
  3884 | D:5      | Found an ancient bone altar of Kikubaaqudgha.
  4007 | D:5      | Reached skill level 5 in Armour
  4141 | D:5      | Reached XP level 8. HP: 60/70 MP: 7/7
  4445 | D:5      | Reached skill level 5 in Axes
  4830 | D:5      | Found a basalt altar of Yredelemnul.
  4995 | D:6      | Got a distressingly furry ring mail
  5133 | D:6      | Found a snail-covered altar of Cheibriados.
  5493 | D:6      | Found a hazy altar of Hepliaklqana.
  5564 | D:6      | Found a shadowy altar of Dithmenos.
  5721 | D:7      | Reached XP level 9. HP: 70/78 MP: 8/8
  6155 | D:7      | Found Aveores's Weapon Shoppe.
  6410 | D:7      | Got a jewelled short sword
  6567 | D:7      | Found a sacrificial altar of Ru.
  6567 | D:7      | Found a corrupted altar of Lugonu.
  7045 | D:8      | Found Ehooll's Gadget Boutique.
  7271 | D:8      | Reached XP level 10. HP: 90/90 MP: 9/9
  7279 | D:8      | Found an ornate altar of the Wu Jian Council.
  7418 | D:8      | Found a burning altar of Makhleb.
  7422 | D:8      | Found a glowing golden altar of the Shining One.
  7426 | D:8      | Became a worshipper of Makhleb the Destroyer
  7792 | D:9      | Found a staircase to the Lair.
  7836 | D:9      | Identified the +9 short sword "Goinimu" {pierce, rN+ Str+4}
                  | (You found it on level 7 of the Dungeon)
  7844 | D:9      | Noticed a cyclops
  7864 | D:9      | Killed a cyclops
  7864 | D:9      | Reached skill level 1 in Invocations
  8209 | D:9      | Reached * piety under Makhleb
  8232 | D:9      | Got a pair of spiked gloves
  8233 | D:9      | Noticed a white ugly thing
  8252 | D:9      | Identified the cursed -6 pair of gloves "Febocvacea"
                  | {Int+3} (You found it on level 9 of the Dungeon)
  8264 | D:9      | Killed a white ugly thing
  8264 | D:9      | Reached skill level 10 in Fighting
  8591 | D:9      | Reached XP level 11. HP: 69/100 MP: 12/12
  8717 | D:9      | Reached ** piety under Makhleb
  9178 | D:9      | Reached skill level 10 in Dodging
  9182 | D:9      | Reached skill level 10 in Armour
  9250 | D:9      | Noticed a two-headed ogre
  9251 | D:9      | Noticed a glowing orange brain
  9251 | D:9      | a two-headed ogre changed into a glowing orange brain
  9266 | D:9      | Killed a glowing orange brain
  9268 | D:9      | Noticed Erica
  9284 | D:9      | Killed Erica
  9367 | D:10     | Entered Level 10 of the Dungeon
  9464 | D:10     | Noticed a soul eater
  9654 | D:10     | Reached skill level 10 in Axes
  9762 | D:10     | Noticed a sixfirhy
  9795 | D:10     | Noticed an unseen horror
  9828 | D:10     | Killed an unseen horror
  9881 | D:10     | Noticed a two-headed ogre
  9882 | D:10     | Noticed a cyclops
  9917 | D:10     | Killed a two-headed ogre
  9917 | D:10     | Reached skill level 1 in Throwing
  9917 | D:10     | Reached skill level 5 in Invocations
  9923 | D:10     | Reached *** piety under Makhleb
  9933 | D:10     | Killed a cyclops
 10203 | D:10     | Noticed a green ugly thing
 10212 | D:10     | Killed a green ugly thing
 10231 | D:10     | Reached skill level 1 in Shields
 10584 | D:10     | Reached XP level 12. HP: 66/110 MP: 15/15
 10685 | D:11     | Reached skill level 2 in Shields
 10697 | D:11     | Noticed a two-headed ogre
 10707 | D:11     | Killed a two-headed ogre
 10760 | D:11     | Noticed a vault guard
 11082 | D:11     | Reached skill level 3 in Shields
 11135 | D:11     | Found a staircase to the Orcish Mines.
 11145 | D:11     | Reached **** piety under Makhleb
 11494 | D:11     | Reached skill level 4 in Shields
 11531 | D:11     | Noticed Urug
 11536 | D:11     | Noticed Urug
 11536 | D:11     | Urug changed into Urug the salamander
 11551 | D:11     | Killed Urug the salamander
 11893 | D:11     | Killed a vault guard
 12214 | D:11     | Noticed Sonja
 12218 | D:11     | Killed Sonja
 12218 | D:11     | Reached skill level 5 in Throwing
 12218 | D:11     | Reached skill level 5 in Shields
 12222 | D:11     | Reached ***** piety under Makhleb
 12784 | Orc      | Entered the Orcish Mines
 12824 | Orc      | Found Ehempuc's Gadget Boutique.
 12859 | Orc      | Found Gimueg's Gadget Shoppe.
 12915 | Orc      | Found Qihoi's Weapon Shoppe.
 12960 | Orc      | Found Jelym's General Store.
 12968 | Orc      | Bought a scroll of identify for 34 gold pieces
 13073 | Orc      | Found a staircase to the Elven Halls.
 13100 | Orc      | Noticed a two-headed ogre
 13100 | Orc      | Noticed a two-headed ogre
 13100 | Orc      | Noticed a two-headed ogre
 13100 | Orc      | Noticed a two-headed ogre
 13100 | Orc      | Noticed a two-headed ogre
 13100 | Orc      | Noticed a two-headed ogre
 13108 | Orc      | Noticed a two-headed ogre
 13108 | Orc      | Noticed a two-headed ogre
 13108 | Orc      | Noticed a two-headed ogre
 13109 | Orc      | Noticed an ogre mage
 13110 | Orc      | Noticed a two-headed ogre
 13163 | D:11     | Killed a two-headed ogre
 13227 | D:11     | Killed a two-headed ogre
 13227 | D:11     | Reached XP level 13. HP: 90/119 MP: 17/17
 13591 | D:11     | Noticed a green death
 13920 | D:11     | Reached skill level 5 in Maces & Flails
 14329 | Orc      | Found Giennen's Weapon Shop.
 14330 | Orc      | Found Inirui's Antique Weapon Shoppe.
 14330 | Orc      | Found Sujegu's Weapon Boutique.
 14330 | Orc      | Found Ziweusak's Book Shoppe.
 14487 | Orc      | Reached skill level 10 in Maces & Flails
 14601 | Orc      | Noticed a balrug
 14604 | Orc      | HP: 1/119 [balrug/divine providence[the player character]
                  | (14)]
 15136 | Lair:1   | Entered Level 1 of the Lair of Beasts
 15274 | Lair:1   | Identified the +0 hat "Runlum" {MR+ Dex+3} (You acquired it
                  | on level 1 of the Lair of Beasts)
 15274 | Lair:1   | Identified the amulet of Rurugg {Reflect rC+ Str-3 Int+3
                  | Dex+4 SH+2} (You acquired it on level 1 of the Lair of
                  | Beasts)
 15281 | Lair:1   | Identified the +4 ring mail "Boilix" {Str+4 Int+3 Dex-4
                  | Slay+3} (You found it on level 6 of the Dungeon)
 15592 | Lair:1   | voshxx: is bcrawl also getting updates ?
 15593 | Lair:1   | Chiseanne: dont know really. it is a branch of its own so I
                  | guess it is getting different updates
 15778 | Lair:2   | Reached skill level 6 in Shields
 15889 | Lair:2   | voshxx: is pure summoner viable if you know ?
 15941 | Lair:2   | Chiseanne: I would say yes. they get good summons in the
                  | end. but to be honest I am not playing summoners a lot.
 16002 | Lair:2   | Reached skill level 7 in Shields
 16011 | Lair:2   | voshxx: thanks for info
 16025 | Lair:2   | Chiseanne: sure
 16037 | Lair:2   | Found a staircase to the Swamp.
 16527 | Lair:2   | Reached XP level 14. HP: 119/127 MP: 19/19
 16552 | Lair:3   | Found an iron altar of Okawaru.
 16579 | Lair:3   | Found a staircase to the Snake Pit.
 17068 | Lair:3   | Reached skill level 8 in Shields
 18367 | Lair:5   | Got a slimy chain mail
 18369 | Lair:5   | Identified the +1 chain mail "Mant" {Str+3} (You found it
                  | on level 5 of the Lair of Beasts)
 18549 | Lair:5   | Reached skill level 9 in Shields
 18634 | Lair:5   | Reached ****** piety under Makhleb
 18903 | Lair:6   | Entered Level 6 of the Lair of Beasts
 18931 | Lair:6   | Found a viscous altar of Jiyva.
 18932 | Lair:6   | Found a staircase to the Slime Pits.
 19442 | Lair:6   | Reached skill level 10 in Shields
 19663 | Lair:6   | Reached skill level 11 in Shields
 21155 | Lair:4   | Got an ancient hand axe
 21202 | Lair:4   | Identified the +7 hand axe of Termination {pain, Int+5}
                  | (You found it on level 4 of the Lair of Beasts)
 21440 | D:12     | Entered Level 12 of the Dungeon
 21465 | D:12     | Reached skill level 12 in Shields
 21515 | D:12     | Paralysed by an orc sorcerer for 3 turns
 21608 | D:12     | Found a staircase to the Depths.
 21721 | D:12     | Reached XP level 15. HP: 134/134 MP: 20/20
 21754 | D:12     | Found a frozen archway.
 21792 | IceCv    | Entered an ice cave
 22150 | IceCv    | Reached skill level 13 in Shields
 22381 | IceCv    | Identified the Guide on the Frostbite
 22411 | D:12     | Noticed Jorgrun
 22421 | D:12     | Killed Jorgrun
 22522 | D:12     | Found a glowing golden altar of the Shining One.
 22747 | D:12     | Reached skill level 14 in Shields
 23078 | D:12     | Noticed Roxanne
 23098 | D:12     | Killed Roxanne
 23099 | D:12     | Identified Roxanne's Almanac of Moulding (You took it off
                  | Roxanne on level 12 of the Dungeon)
 23659 | Swamp:1  | Entered Level 1 of the Swamp
 24265 | Swamp:2  | Noticed a thorn hunter
 24285 | Swamp:2  | Killed a thorn hunter
 24345 | Swamp:2  | Reached skill level 15 in Shields
 24543 | Swamp:3  | Entered Level 3 of the Swamp
 24556 | Swamp:3  | Noticed a thorn hunter
 24575 | Swamp:3  | Killed a thorn hunter
 24715 | Swamp:3  | HP: 3/134 [shambling mangrove (23)]
 24718 | Swamp:3  | Slain by a shambling mangrove

Skill      XL: |  1  2  3  4  5  6  7  8  9 10 11 12 13 14 15 |
---------------+----------------------------------------------+-----
Fighting       | 2 3 4 5 7 9 10 11 12 | 12.6
Dodging        | 4 5 6 7 8 9 10 | 10.8
Armour         | 1 2 3 4 5 6 8 9 11 12 14 | 14.8
Axes           | 1 3 4 6 8 9 10 | 10.1
Invocations    | 3 5 7 8 9 |  9.5
Throwing       | 2 5 6 7 |  7.6
Shields        | 1 5 7 12 15 | 15.2
Maces & Flails | 14 | 14.8
Stealth        | |  2.6

Action                   |  1- 3 |  4- 6 |  7- 9 | 10-12 | 13-15 || total
-------------------------+-------+-------+-------+-------+-------++-------
Melee: Whip              |    66 |       |       |       |       ||    66
       Headbutt          |    14 |    27 |    78 |   189 |   548 ||   856
       Hand axe          |    69 |       |       |       |       ||    69
       War axe           |    14 |   155 |   210 |   185 |   102 ||   666
       Dagger            |       |       |    77 |   194 |       ||   271
       Flail             |       |       |    54 |   422 |  1443 ||  1919
       Scimitar          |       |       |       |     4 |    54 ||    58
       Demon trident     |       |       |       |       |    90 ||    90
       Short sword       |       |       |       |       |    21 ||    21
 Fire: Blowgun           |       |       |       |    14 |       ||    14
Throw: Tomahawk          |       |       |    12 |     9 |    77 ||    98
       Javelin           |       |       |       |    19 |    62 ||    81
Invok: Greater Servant o |       |       |       |       |     2 ||     2
       Lesser Servant of |       |       |       |       |     4 ||     4
Evoke: Wand              |       |       |     5 |    16 |    25 ||    46
       Box of beasts     |       |       |       |       |     2 ||     2
       Phial of floods   |       |       |       |       |     1 ||     1
  Use: Scroll            |     7 |     2 |     6 |    15 |    14 ||    44
       Potion            |       |       |     1 |    10 |     9 ||    20
 Stab: Paralysed         |       |       |       |       |    11 ||    11
  Eat: Chunk             |     3 |     9 |     8 |    24 |    28 ||    72
       Ration            |       |     1 |     2 |     2 |     4 ||     9
Armor: Robe              |    15 |       |       |       |       ||    15
       Chain mail        |    34 |       |       |       |       ||    34
       Scale mail        |    25 |    15 |       |       |       ||    40
       Gold dragon scale |       |   136 |   330 |  1050 |   977 ||  2493
Dodge: Dodged            |   100 |    44 |    82 |   371 |   153 ||   750
Block: Medium shield     |       |       |       |   273 |    38 ||   311
       Large shield      |       |       |       |       |  1632 ||  1632
       Reflection        |       |       |       |       |    29 ||    29
